 Dungeon Crawl Stone Soup version 0.28-a0-653-g7e9dba17c3 (webtiles) character file.

Game seed: 7880833286315429754

52 ryw the Skirmisher (level 3, -2/30 HPs)
             Began as a Demonspawn Gladiator on Oct 11, 2021.
             Slain by a goblin (5 damage)
             ... led by Robin
             ... on level 3 of the Dungeon.
             The game lasted 00:02:25 (2113 turns).

ryw the Skirmisher (Demonspawn Gladiator)           Turns: 2113, Time: 00:02:27

Health: -2/30      AC:  6    Str: 14    XL:     3   Next: 60%
Magic:  3/3        EV: 12    Int:  9    God:
Gold:   120        SH:  0    Dex: 15    Spells: 2/2 levels left

rFire   . . .      SeeInvis .     - Unarmed
rCold   . . .      Faith    .   (no shield)
rNeg    . . .      Spirit   .   a - +0 leather armour
rPois   .          Reflect  .   b - +0 helmet
rElec   .          Harm     .   (no cloak)
rCorr   .          Rampage  .   (no gloves)
Will    .....                   (no boots)
Stlth   +.........              (no amulet)
HPRegen 0.10/turn               (no ring)
MPRegen 0.08/turn               (no ring)

@: no status effects
A: slimy green scales 1
a: no special abilities


You were on level 3 of the Dungeon.
You visited 1 branch of the dungeon, and saw 3 of its levels.

You collected 120 gold pieces.

Inventory:

Missiles
 c - 3 throwing nets
 i - 2 javelins (quivered)
Armour
 a - a +0 leather armour (worn)
 b - a +0 helmet (worn)
 g - a scarf of harm
Scrolls
 h - a scroll of identify {unknown}
 j - a scroll of holy word {unknown}
 m - a scroll of magic mapping {unknown}
Potions
 e - a potion of flight {unknown}
 f - a potion of curing {unknown}
 k - a potion of degeneration {unknown}
 l - a potion of magic {unknown}


   Skills:
 + Level 4.0 Fighting
 - Level 1.7 Throwing
 - Level 2.6 Dodging
 - Level 2.6 Unarmed Combat


You had 2 spell levels left.
You didn't know any spells.
Your spell library was empty.

Dungeon Overview and Level Annotations

Branches:
Dungeon (3/15)

Altars:

Shops:
D:2 !?

Annotations:
D:3 Robin, Sigmund


Innate Abilities, Weirdness & Mutations

You are partially covered in slimy green scales. (AC +2)


Message History

A hobgoblin comes into view.
You hit the hobgoblin but do no damage.
A goblin comes into view. It is wielding a +0 dagger.
The hobgoblin barely misses you. The goblin hits you but does no damage.
The goblin shouts!
You hit the hobgoblin but do no damage.
You hear a shout!
The hobgoblin closely misses you.
A goblin comes into view. It is wielding a +0 club.
Robin throws the goblin at you!
You barely miss the hobgoblin. The goblin hits you but does no damage.
The hobgoblin barely misses you. The goblin hits you with a +0 dagger.
Unknown command.
The goblin hits you but does no damage. Robin throws the goblin at you!
The goblin barely misses you.
You barely miss the goblin. The goblin hits you but does no damage.
The goblin hits you with a +0 club. The goblin barely misses you.
The goblin hits you but does no damage.
You miss the goblin. The goblin hits you with a +0 dagger.
The goblin closely misses you. The goblin misses you.
Robin throws the goblin at you! The goblin hits you with a +0 club.
The goblin hits you with a +0 dagger.
You closely miss the goblin. The goblin barely misses you. x2
The goblin closely misses you. x2; The goblin hits you but does no damage.
You hit the goblin but do no damage. The goblin hits you with a +0 dagger.
* * * LOW HITPOINT WARNING * * *
The goblin closely misses you. The goblin hits you but does no damage.
The goblin closely misses you. The goblin hits you but does no damage.
You completely miss the goblin. The goblin misses you.
The goblin hits you but does no damage. x2; The goblin barely misses you. x2
Unknown command.
As you read the scroll labelled YNOIZAKHLUN, it crumbles to dust.
It is a scroll of brand weapon.
You aren't carrying any weapons that can be branded.
The goblin misses you. The goblin hits you with a +0 club.
* * * LOW HITPOINT WARNING * * *
The goblin hits you with a +0 club.
* * * LOW HITPOINT WARNING * * *
The goblin hits you with a +0 club.
You die...

.# #.# #.# #.#
#.# #### #.#
....g#####.#
....@ggggg.###
#...gggg@g<..#
#.############


You could see Sigmund, Robin, 2 hobgoblins and 8 goblins.

Vanquished Creatures
  2 adders (D:2)
  A dart slug (D:2)
  3 bats (D:1)
  2 endoplasms
  2 giant cockroaches (D:1)
  A goblin (D:1)
  2 hobgoblins (D:2)
  3 quokkas
  4 ball pythons
  2 frilled lizards (D:1)
  8 kobolds
  A rat (D:2)
31 creatures vanquished.

Notes
Turn   | Place    | Note
-------+----------+-------------------------------------------
     0 | D:1      | ryw the Demonspawn Gladiator began the quest for the Orb.
     0 | D:1      | Reached XP level 1. HP: 16/16 MP: 1/1
   297 | D:1      | Gained mutation: You are partially covered in slimy green
                  | scales. (AC +2) [demonic ancestry]
   297 | D:1      | Reached XP level 2. HP: 18/23 MP: 2/2
   698 | D:1      | Reached skill level 3 in Fighting
  1075 | D:2      | Reached XP level 3. HP: 27/29 MP: 3/3
  1157 | D:2      | Found Napon's Distillery.
  1493 | D:2      | Reached skill level 4 in Fighting
  1687 | D:2      | Found Zucoario's Magic Scroll Shop.
  2102 | D:3      | Noticed Robin
  2103 | D:3      | Noticed Sigmund
  2113 | D:3      | Slain by a goblin

Illustrated notes

Levels and vault maps discovered:
D:1:      lordsloth_arrival_two_stooges, layout_loops_ring,
          chequers_serial_rivers_micro_c
D:2:      layout_rooms, serial_shops, nicolae_shop_stone, nicolae_diamond_shop
D:3:      layout_basic, nicolae_sif_muna_condensation, serial_shops,
          nicolae_square_shop, hellmonk_ecumenical_altar_slurped_away,
          uniq_sigmund, uniq_robin, uniq_crazy_yiuf_cottage

Skill      XL: |  1  2  3 |
---------------+----------+-----
Fighting       | 3 4 |  4.0
Throwing       | |  1.7
Dodging        | |  2.6
Unarmed Combat | |  2.6

Action                   || total
-------------------------++-------
Melee: Unarmed           ||   166
       Punch             ||     1
  Use: Scroll            ||     1
 Stab: Sleeping          ||     1
Armor: Leather armour    ||    65
Dodge: Dodged            ||   123

Table legend: (Time is in decaauts)
 A = Elapsed time spent in this place.
 B = Non-inter-level travel time spent in this place.
 C = Inter-level travel time spent in this place.
 D = Time resting spent in this place.
 E = Time spent auto-exploring this place.
 F = Levels seen in this place.
 G = Mean time per level.
                   A        B        C        D        E       F      G
               +--------+--------+--------+--------+--------+-----+--------+
         Total |   2106 |   2064 |     42 |    273 |   1452 |   3 |  702.0 |
       Dungeon |   2106 |   2064 |     42 |    273 |   1452 |   3 |  702.0 |
               +--------+--------+--------+--------+--------+-----+--------+

Top non-repeatable levels by time:
     D:2: 1056 daAuts
     D:1: 986 daAuts
     D:3: 64 daAuts
